 Dungeon Crawl Stone Soup version 0.23.1-37-gaa34b87 (webtiles) character file.

Game seed: 15282192794512549227

920 cklessthan3 the Cleaver (level 7, -2/61 HPs)
             Began as a Minotaur Berserker on Mar 22, 2019.
             Was a Priest of Trog.
             Killed by divine providence
             ... invoked by an orc priest
              (12 damage)
             ... on level 4 of the Dungeon on Mar 23, 2019.
             The game lasted 00:27:05 (3251 turns).

cklessthan3 the Cleaver (Minotaur Berserker)        Turns: 3251, Time: 00:27:05

Health: -2/61      AC: 12    Str: 24    XL:     7   Next: 83%
Magic:  6/6        EV:  8    Int:  4    God:    Trog [***...]
Gold:   259        SH:  0    Dex:  9    Spells: 6/6 levels left

rFire    . . .     SeeInvis .   n - +0 war axe
rCold    . . .     Gourm    .   (no shield)
rNeg     . . .     Faith    .   k - +0 plate armour (curse)
rPois    .         Spirit   .   (helmet restricted)
rElec    .         Reflect  .   (no cloak)
rCorr    .         Harm     .   (no gloves)
MR       +++..                  (no boots)
Stlth    ..........             (no amulet)
HPRegen  1.20/turn              d - ring of protection from magic
MPRegen  0.10/turn              (no ring)

@: regenerating
A: retaliatory headbutt, horns 2
a: Berserk, Trog's Hand, Renounce Religion


You were on level 4 of the Dungeon.
You worshipped Trog.
Trog was most pleased with you.
You were not hungry.

You visited 1 branch of the dungeon, and saw 4 of its levels.
You also visited: Sewer.

You collected 259 gold pieces.

Inventory:

Hand Weapons
 j - a +0 hand axe
 n - a +0 war axe (weapon)
Missiles
 f - 13 poisoned needles
 g - 43 arrows
 i - 71 stones (quivered)
Armour
 k - a cursed +0 plate armour (worn)
Jewellery
 d - a ring of protection from magic (left hand)
Wands
 c - a wand of random effects (19)
 r - a wand of acid (5)
Scrolls
 a - a scroll of teleportation {unknown}
 b - 3 scrolls of identify {unknown}
 e - 2 scrolls of magic mapping {unknown}
 m - a scroll of fog
 p - 2 scrolls of remove curse
Potions
 h - 4 potions of invisibility
 l - 2 potions of curing
 o - a potion of flight {unknown}
Comestibles
 q - a ration


   Skills:
 + Level 5.4 Fighting
 + Level 8.6 Axes
 + Level 5.9 Armour
 + Level 3.1 Dodging
 + Level 0.5 Stealth


You had 6 spell levels left.
You didn't know any spells.
Your spell library was empty.

Dungeon Overview and Level Annotations

Branches:
Dungeon (4/15)
 Temple: D:4-7

Altars:
Ashenzari
Cheibriados
Hepliaklqana
Ru
Xom

Annotations:
D:4 1 transporter


Innate Abilities, Weirdness & Mutations

You reflexively headbutt those who attack you in melee.
You have a pair of horns on your head.


Message History

You enter the shallow water.
Moving in this stuff is going to be slow.
The shadow imp gestures at you. Pain shoots through your body!
There is a fountain of clear blue water here.
You enter the shallow water.
Moving in this stuff is going to be slow.
The shadow imp gestures at you. You resist with some effort.
The shadow imp gestures at you. Pain shoots through your body!
The shadow imp gestures at you. Pain shoots through your body!
* * * LOW HITPOINT WARNING * * *
You open the door.
Your skin crawls.
You feel resistant to hostile enchantments.
The orc priest invokes the aid of Beogh against you.
Beogh smites you!
You die...

##......# ####.#..# #.# ### ..
...................# #.# ...
##......##########.# #.######
....#...........S......# #.......
....#.###############.>##########
....#.#8P#....5o5#≈8#...#
....#.#P.#≈≈≈≈≈≈≈#.P#.#.#
......#..#..≈≈≈..#.$#...#
.....©#©.'..≈⌠≈.@'[©#©..#
.%.#.†#..#..≈≈≈..#.$#..## .
##.#P.#≈≈≈≈≈≈≈#.P#.##
#.#8P#....5.5#≈8#.#
#.###############.#
#.................#
###################


You could see an orc priest, an adder and 4 shadow imps.

Vanquished Creatures
  An ogre (D:4)
  3 phantoms (D:4)
  A bullfrog (D:4)
  A howler monkey (D:4)
  A hound (D:4)
  Natasha (thrice) (D:3)
  Ijyb (D:3)
  5 orc wizards
  4 worker ants (D:4)
  A river rat (D:3)
  4 adders
  2 worms
  A leopard gecko (D:4)
  5 orcs
  2 ball pythons
  4 giant cockroaches
  8 hobgoblins
  12 jackals
  A quokka (D:2)
  A ball python skeleton (D:4)
  5 bats
  11 frilled lizards
  2 goblins
  A jackal skeleton (D:4)
  5 kobolds
  9 rats
  A plant (D:4)
95 creatures vanquished.

Notes
Turn   | Place    | Note
-------+----------+-------------------------------------------
     0 | D:1      | cklessthan3 the Minotaur Berserker began the quest for the
                  | Orb.
     0 | D:1      | Reached XP level 1. HP: 19/19 MP: 0/0
     4 | D:1      | Noticed a ghoul
     4 | D:1      | Noticed a felid
     6 | D:1      | Noticed an octopode
     9 | D:1      | Noticed an elf
     9 | D:1      | Noticed a vine stalker
    11 | D:1      | Noticed an ogre
    11 | D:1      | Noticed a troll
    13 | D:1      | Noticed a centaur
    15 | D:1      | Noticed a dwarf
    17 | D:1      | Noticed a halfling
    17 | D:1      | Noticed a vampire
    19 | D:1      | Noticed a demigod
    19 | D:1      | Noticed a demonspawn
    21 | D:1      | Noticed a gargoyle
    21 | D:1      | Noticed a draconian
    23 | D:1      | Noticed a formicid
    25 | D:1      | Noticed a spriggan
    25 | D:1      | Noticed a tengu
    27 | D:1      | Noticed a naga
    27 | D:1      | Noticed a merfolk
    29 | D:1      | Noticed a minotaur
    29 | D:1      | Noticed a human
   166 | D:1      | Reached skill level 4 in Axes
   467 | D:1      | Reached XP level 2. HP: 27/27 MP: 1/1
  1030 | D:2      | Reached XP level 3. HP: 21/33 MP: 2/2
  1060 | D:2      | Found a hazy altar of Hepliaklqana.
  1293 | D:2      | Reached XP level 4. HP: 40/40 MP: 3/3
  1408 | D:2      | Reached ** piety under Trog
  1496 | D:2      | Found a shimmering altar of Xom.
  1912 | D:3      | Reached skill level 5 in Axes
  1916 | D:3      | Noticed Ijyb
  1937 | D:3      | Killed Ijyb
  1947 | D:3      | Found a glowing drain.
  1962 | Sewer    | Entered a sewer
  1973 | Sewer    | Reached XP level 5. HP: 43/46 MP: 4/4
  2080 | D:3      | Noticed Natasha
  2091 | D:3      | Killed Natasha
  2138 | D:3      | Noticed Natasha
  2152 | D:3      | Killed Natasha
  2210 | D:3      | Found a sacrificial altar of Ru.
  2219 | D:3      | Reached skill level 6 in Axes
  2294 | D:3      | Found a shattered altar of Ashenzari.
  2545 | D:3      | Found a snail-covered altar of Cheibriados.
  2594 | D:3      | Noticed Natasha
  2612 | D:3      | Killed Natasha
  2612 | D:3      | Reached *** piety under Trog
  2613 | D:3      | Reached XP level 6. HP: 29/53 MP: 5/5
  2845 | D:4      | Reached skill level 7 in Axes
  2848 | D:4      | Reached XP level 7. HP: 31/60 MP: 6/6
  2854 | D:4      | Reached skill level 5 in Armour
  2873 | D:4      | Reached skill level 5 in Fighting
  2890 | D:4      | Reached skill level 8 in Axes
  2945 | D:4      | HP: 1/61 [orc wizard/+0 dagger (3)]
  3186 | D:4      | Found a transporter.
  3207 | D:4      | Found a transporter.
  3251 | D:4      | Killed from afar by an orc priest

Skill      XL: |  1  2  3  4  5  6  7 |
---------------+----------------------+-----
Axes           | 4 5 6 7 8 |  8.6
Fighting       | 4 5 |  5.4
Armour         | 3 4 5 |  5.9
Dodging        | 3 |  3.1
Stealth        | |  0.5

Action                   |  1- 3 |  4- 6 |  7- 9 || total
-------------------------+-------+-------+-------++-------
Melee: Hand axe          |    76 |   147 |    56 ||   279
       Headbutt          |     5 |    20 |    16 ||    41
       War axe           |       |       |    17 ||    17
Invok: Trog's Hand       |       |       |     2 ||     2
  Use: Scroll            |     2 |       |       ||     2
       Potion            |     4 |     1 |     2 ||     7
 Stab: Paralysed         |       |     1 |       ||     1
  Eat: Chunk             |     1 |     1 |       ||     2
       Ration            |       |     1 |     2 ||     3
Armor: Animal skin       |     3 |       |       ||     3
       Leather armour    |     4 |       |       ||     4
       Ring mail         |    18 |       |       ||    18
       Plate armour      |    19 |   104 |    38 ||   161
Dodge: Dodged            |    45 |    67 |    13 ||   125
